 Dungeon Crawl Stone Soup version 0.32-a0-900-g30fb1b0edc (webtiles) character file.

Game seed: 11838775825040156272

167 Griffin23 the Shield-Bearer (level 5, -4/47 HPs)
             Began as a Minotaur Fighter on Apr 6, 2024.
             Was an Initiate of Trog.
             Slain by a scorpion (5 damage)
             ... on level 5 of the Dungeon.
             The game lasted 00:03:00 (1208 turns).

Griffin23 the Shield-Bearer (Minotaur Fighter)      Turns: 1208, Time: 00:03:01

Health: -4/47      AC:  7    Str: 23    XL:     5   Next: 23%
Magic:  4/4        EV:  8    Int:  5    God:    Trog [......]
Gold:   37         SH:  4    Dex:  9    Spells: 4/4 levels left

rFire   . . .        a - +0 long sword
rCold   . . .        c - +0 buckler
rNeg    . . .        b - +0 scale mail
rPois   .            (helmet restricted)
rElec   .            (no cloak)
rCorr   .            (no gloves)
SInv    .            (no boots)
Will    .....        (no amulet) Stlth
                     (no ring)
HPRegen 0.27/turn    (no ring)
MPRegen 0.09/turn

%: no passive effects
@: lethally poisoned (-4 -> -7)
A: horns 2, retaliatory headbutt
a: Renounce Religion


You were on level 5 of the Dungeon.
You worshipped Trog.
Trog was noncommittal.
You visited 2 branches of the dungeon, and saw 7 of its levels.

You collected 37 gold pieces.

Inventory:

Hand Weapons
 a - a +0 long sword (weapon)
Armour
 b - a +0 scale mail (worn)
 c - a +0 buckler (worn)
Potions
 d - a potion of might
 e - a potion of magic {unknown}
 f - a potion of heal wounds {unknown}


   Skills:
 + Level 4.5 Fighting
 * Level 4.5 Long Blades
 + Level 4.5 Armour
 + Level 4.5 Shields


You had 4 spell levels left.
You didn't know any spells.
Your spell library contained the following spells:

 Spells                   Type           Power      Damage    Failure   Level
 Apportation              Tloc           0%         N/A       83%         1
 Necrotise                Necr           0%         1d4       83%         1
 Sting                    Conj/Alch      0%         1d3       83%         1
 Summon Small Mammal      Summ           0%         N/A       83%         1


Dungeon Overview and Level Annotations

Branches:
Dungeon (6/15)             Temple (1/1) D:4

Altars:
Cheibriados
Elyvilon
Fedhas
Gozag
Hepliaklqana
Kikubaaqudgha
Makhleb
Nemelex Xobeh
Okawaru
Ru
Sif Muna
Trog
Uskayaw
Vehumet
Xom
Yredelemnul
Zin
The Shining One

Annotations:
D:4 Eustachio


Innate Abilities, Weirdness & Mutations

You have a pair of horns on your head.
You reflexively headbutt those who attack you in melee.


Message History

The scorpion stings you but does no damage.
The scorpion stings you but does no damage.
The centaur shoots an arrow.
The arrow hits you!
The scorpion stings you but does no damage.
The scorpion attacks as it pursues you!
The scorpion stings you but does no damage.
The centaur shoots an arrow.
The arrow hits you. The scorpion attacks as it pursues you!
The scorpion stings you but does no damage.
The centaur shoots an arrow.
The arrow hits you!
* * * LOW HITPOINT WARNING * * *
You hear a shout!
You see here a +0 rapier.
You block the scorpion's attack.
There is a stone staircase leading up here.
The scorpion stings you.
* * * LOW HITPOINT WARNING * * *
You are lethally poisoned!
The scorpion poisons you!
You climb upwards.
* * * LOW HITPOINT WARNING * * *
You feel sick.
Found a scroll labelled HITORO HUOPS.
There is a stone staircase leading down here.
You barely miss the scorpion. You headbutt the scorpion.
The scorpion is lightly wounded.
* * * LOW HITPOINT WARNING * * *
You feel sick.
The scorpion stings you but does no damage. x2
You hit the scorpion.
The scorpion is moderately wounded.
* * * LOW HITPOINT WARNING * * *
You feel sick.
The scorpion stings you but does no damage.
You barely miss the scorpion.
The scorpion is moderately wounded.
* * * LOW HITPOINT WARNING * * *
You feel sick. The scorpion closely misses you. You furiously retaliate!
You headbutt the scorpion! The scorpion stings you.
You die...

#.......##
#........#
.........#
.........#
.........#
.........#
#........#
#......@s#
#.......##
#.......#
##.....##
#?....
###..# #.#
#.


You could see a scorpion.

Vanquished Creatures
  A scorpion (D:6)
  A hound (D:5)
  A sleepcap (D:6)
  An iguana (D:6)
  An orc (D:5)
  2 endoplasms
  A giant cockroach (D:4)
  A hobgoblin (D:1)
  2 kobolds
  2 quokkas
  5 ball pythons
  A bat (D:1)
  3 frilled lizards (D:1)
  A goblin (D:1)
  A rat (D:1)
24 creatures vanquished.

Notes
Turn   | Place    | Note
-------+----------+-------------------------------------------
     0 | D:1      | Griffin23 the Minotaur Fighter began the quest for the Orb.
     0 | D:1      | Reached XP level 1. HP: 19/19 MP: 0/0
   169 | D:1      | Found a faded altar of an unknown god.
   218 | D:1      | Prayed at the altar of an unknown god.
   218 | D:1      | Became a worshipper of Fedhas Madash
   218 | D:1      | Reached * piety under Fedhas
   256 | D:1      | Reached XP level 2. HP: 17/27 MP: 1/1
   696 | D:4      | Noticed Eustachio
   706 | D:4      | Noticed a crimson imp
   743 | D:4      | Found a staircase to the Ecumenical Temple.
   752 | Temple   | Entered the Ecumenical Temple
   841 | Temple   | Fell from the grace of Fedhas
   841 | Temple   | Became a worshipper of Trog the Wrathful
   895 | D:5      | Entered Level 5 of the Dungeon
   897 | D:5      | Reached XP level 3. HP: 11/33 MP: 2/2
  1025 | D:5      | Noticed a scorpion
  1044 | D:6      | Reached XP level 4. HP: 18/40 MP: 3/3
  1045 | D:6      | Killed a scorpion
  1046 | D:6      | Reached XP level 5. HP: 22/47 MP: 4/4
  1180 | D:6      | Noticed an ice beast
  1182 | D:6      | Noticed a centaur
  1207 | D:5      | HP: 1/47 [poisoned by a scorpion]
  1208 | D:5      | Slain by a scorpion

Illustrated notes

Levels and vault maps discovered:
D:1:      lightli_arrival_chessboard, layout_loops_corners,
          shapermc_ecumenical_altar_mp_vishouse, minmay_lizard_pond
D:2:      layout_rooms, basic_altar
D:3:      layout_loops_ring
D:4:      minmay_diamond_boxcup, layout_basic, minmay_temple_entry_tees,
          minivault_5, uniq_robin, uniq_eustachio
D:5:      layout_cave_pods
D:6:      layout_loops_ring, mainiacjoe_overflow_alcove_2
Temple:   eino_narrow_crystal_temple

Skill      XL: |  1  2  3  4 |
---------------+-------------+-----
Long Blades    | 3 4 |  4.5
Fighting       | 4 |  4.5
Armour         | 4 |  4.5
Shields        | 4 |  4.5

Action                     |  1- 3 |  4- 6 || total
---------------------------+-------+-------++-------
  Melee: Long sword        |    84 |     7 ||    91
         Headbutt          |    10 |     2 ||    12
    Use: Scroll            |     1 |       ||     1
 Armour: Scale mail        |   145 |    20 ||   165
  Dodge: Dodged            |    66 |     8 ||    74
  Block: Buckler           |    39 |     4 ||    43

Table legend: (Time is in decaauts)
 A = Elapsed time spent in this place.
 B = Non-inter-level travel time spent in this place.
 C = Inter-level travel time spent in this place.
 D = Time resting spent in this place.
 E = Time spent auto-exploring this place.
 F = Levels seen in this place.
 G = Mean time per level.
                   A        B        C        D        E       F      G
               +--------+--------+--------+--------+--------+-----+--------+
         Total |   1232 |   1150 |     82 |    292 |    423 |   7 |  176.0 |
       Dungeon |   1136 |   1054 |     82 |    211 |    423 |   6 |  189.3 |
        Temple |     95 |     95 |      0 |     81 |      0 |   1 |   95.0 |
               +--------+--------+--------+--------+--------+-----+--------+

Top non-repeatable levels by time:
     D:1: 619 daAuts
     D:4: 184 daAuts
     D:6: 173 daAuts
     D:5: 143 daAuts
  Temple: 95 daAuts
     D:2: 10 daAuts
     D:3: 4 daAuts
